[Event "WSTCC-65 2024"]
[Site "Krakow"]
[Date "2024.07.04"]
[Round "3.6"]
[White "Bykhovsky, Avigdor"]
[Black "Messa, Roberto"]
[Result "1-0"]
[ECO "D59"]
[WhiteElo "2335"]
[BlackElo "2262"]
[Annotator "RC"]
[PlyCount "97"]
[EventDate "2024.07.01"]
[EventType "team-tourn"]
[EventCountry "POL"]
[SourceTitle "playchess.com"]
[Source "ChessBase"]
[SourceQuality "1"]
[TimeControl "40/5400+30:1800+30"]

1. d4 d5 2. c4 e6 3. Nf3 Nf6 4. Nc3 Be7 5. Bg5 O-O 6. e3 h6 7. Bh4 b6 8. cxd5 Nxd5 9. Bxe7 Qxe7 10. Nxd5 exd5 11. Be2 Be6 12. O-O c5 13. dxc5 bxc5 14. Rc1 Nd7 15. Qc2 Rab8 16. b3 Rfc8 17. e4 d4 18. Nd2 Bd5 19. Bd3 Bb7 20. f4 Nf6 21. h3 Rc7 22. Rce1 Re8 23. Kh2 Kh8 24. Qb1 Qd8 25. Nc4 Ree7 26. g3 Kg8 27. Rf2 Ba8 28. e5 Nd5 29. Qd1 Bc6 30. Qg4 Ne3 31. Nxe3 dxe3 32. Rxe3 Rcd7 33. Qf5 g6 34. Qf6 Rxd3 35. Rxd3 Qxd3 36. Qxc6 Qd4 37. Rc2 Rd7 38. e6 fxe6 39. Qxe6+ Kh7 40. f5 gxf5 41. Qxf5+ Kg7 42. Rf2 Qd6 43. h4 a5 44. h5 a4 45. bxa4 Rc7 46. Rf4 Kh8 47. Re4 Qd2+ 48. Kh3 Qd7 49. Re6 1-0

[Event "WSTCC-65 2024"]
[Site "Krakow"]
[Date "2024.07.04"]
[Round "3.6"]
[White "Miltner, Arndt"]
[Black "Kasperek, Wieslaw"]
[Result "1/2-1/2"]
[ECO "B22"]
[WhiteElo "2259"]
[BlackElo "2009"]
[Annotator "TA"]
[PlyCount "110"]
[EventDate "2024.07.01"]
[EventType "team-tourn"]
[EventCountry "POL"]
[SourceTitle "playchess.com"]
[Source "ChessBase"]
[SourceQuality "1"]
[TimeControl "40/5400+30:1800+30"]

1. e4 c5 2. c3 Qa5 3. Nf3 Nc6 4. Bc4 e6 5. O-O g6 (5... b5 $11 6. Be2 Bb7) 6. d4 $16 cxd4 7. cxd4 {[%emt 0:00:19] Threatens to win with d5.} Bg7 (7... d5 $16) 8. Nc3 $18 {[%emt 0:03:29] And now Bf4 would win. White is clearly better.} a6 (8... Nge7 {was worth a try.}) 9. Be3 Nge7 (9... Nf6 $142 10. e5 Ng4) 10. d5 Ne5 11. Nxe5 Bxe5 12. Bd4 (12. Rc1 $18) 12... Bxd4 $16 13. Qxd4 O-O {[%emt 0:00:07] Black is weak on the dark squares} 14. Rfd1 b5 15. Bb3 $36 {[%emt 0:00:43][%mdl 2048] Keeping Black busy.} Rb8 (15... b4 $16) 16. e5 Nf5 (16... exd5 $16 {is a better defense.} 17. Qc5 (17. Bxd5 b4 $16) (17. Nxd5 Nxd5 18. Bxd5 Bb7 $16) 17... Qd8 18. Bxd5 (18. Nxd5 Nxd5 19. Bxd5 Re8 $14) 18... Rb6) 17. Qf4 $18 h5 (17... Qd8 18. dxe6 fxe6 19. Bxe6+ Kh8) 18. Ne4 Kg7 19. Nf6 Rb7 $2 (19... Rh8 20. Bc2 b4 21. Bxf5 exf5) 20. d6 Rh8 21. Bc2 b4 22. Bxf5 exf5 23. Qd4 {[%emt 0:04:25][%cal Oe5e6] aiming for e6!} Qb6 24. Qxb6 Rxb6 25. f4 (25. Rac1 $18) 25... Rd8 $16 26. Rac1 {[%emt 0:06:41] White is much more active.} Bb7 27. Rc5 (27. Rc7 Bc6 28. b3 Rbb8 $16) 27... Bc6 (27... h4 $16 {was called for.} 28. Rc7 Bc6) 28. Rd4 (28. h4 $18) 28... Ra8 (28... h4 $16 29. Kf2 Rbb8) 29. Nd5 $2 (29. h4 $18) 29... Rb5 $2 {[%emt 0:05:10][%mdl 8192] [#]} (29... Bxd5 $11 30. Rdxd5 f6) 30. Rxb5 (30. Rxc6 $1 $18 {and the rest is easy.} dxc6 31. Nc7 (31. Nxb4 $2 {loses.} c5 $19)) 30... axb5 31. Nxb4 $18 {[%emt 0:00:23][%mdl 4096] Endgame. KRB-KRN} Be4 32. a3 Rc8 33. Rd2 ({White should try} 33. h4) 33... h4 34. Kf2 g5 35. Ke3 f6 36. exf6+ Kxf6 37. Nd5+ Bxd5 $1 38. Rxd5 $11 {[%emt 0:00:09] KR-KR} Rc2 39. fxg5+ Kxg5 40. Rd2 Rc6 41. h3 Kf6 42. Kf3 Ke5 {[%emt 0:00:59] [#] Prevents Rd4.} (42... Rc4 $14) 43. g3 ({Better is} 43. Rd3 $1 $16) 43... hxg3 {[%emt 0:00:50] The position is equal.} 44. Kxg3 Rc1 45. h4 Rg1+ 46. Kh2 Rg8 47. Kh3 f4 {[%emt 0:00:29] Strongly threatening ...f3.} 48. Rg2 Rf8 49. Rg5+ Ke4 $1 {[%emt 0:00:00] Hoping for ...f3.} 50. Kg2 (50. Rxb5 $2 {too greedy.} f3 51. Rc5 f2 52. Rc4+ Ke5 53. Rc5+ Kxd6 $19 (53... Kd4 $2 54. Rc1 $19)) 50... Rc8 51. Rxb5 Rc2+ 52. Kh3 Rc8 53. Rb4+ Ke3 {[%emt 0:00:00] ...f3 is the strong threat.} 54. Rb3+ Ke4 55. Rb4+ Ke5 $2 {Blacks defense is rewarded with a draw.   Weighted Error Value: White=0.41/Black=0.29 (precise) .  Loses game:     	---       	Black=2      Missed win:     	White=2     	---        Mistake:       	White=5     	Black=10     Inaccurate:     	White=4     	Black=1      OK:         	White=15    	Black=17     Best:        	White=3     	Black=5      Strong:       	---       	Black=2} (55... Ke3 $11 {and Black stays safe.} 56. Rb7 f3 57. Rxd7 f2 58. Re7+ Kf3 59. Rf7+ Ke2) 1/2-1/2

[Event "WSTCC-65 2024"]
[Site "Krakow"]
[Date "2024.07.04"]
[Round "3.6"]
[White "Kerr, Grant"]
[Black "Orton, Stephen L A"]
[Result "0-1"]
[ECO "A01"]
[WhiteElo "1769"]
[BlackElo "2115"]
[Annotator "NA RC"]
[PlyCount "79"]
[EventDate "2024.07.01"]
[EventType "team-tourn"]
[EventCountry "POL"]
[SourceTitle "playchess.com"]
[Source "ChessBase"]
[SourceQuality "1"]
[TimeControl "40/5400+30:1800+30"]

1. b3 e5 2. Bb2 Nc6 3. c4 g6 4. e3 Bg7 5. Nf3 Nge7 6. Be2 O-O 7. d3 d5 8. cxd5 Nxd5 9. Qd2 Be6 10. Nc3 f5 11. Rc1 Qe7 12. O-O Rad8 13. Nxd5 Bxd5 14. Qc2 Rf7 15. Qc5 e4 16. dxe4 Bxb2 17. exd5 Bxc1 18. Qxc1 Ne5 19. Rd1 Nxf3+ 20. Bxf3 Rd6 21. g3 Qf6 22. Qc2 g5 23. Qe2 g4 24. Bg2 h5 25. Qc4 Kg7 26. Qf4 c6 27. e4 fxe4 28. Qxf6+ Kxf6 29. Bxe4 Rfd7 30. f4 gxf3 31. Bxf3 Kg5 32. Kg2 cxd5 33. Rd4 Rc6 34. h4+ Kh6 35. a4 Rc5 36. Kf2 Rf7 37. Rd3 d4 38. Rxd4 Rc2+ 39. Ke3 Rc3+ 40. Ke2 0-1

[Event "WSTCC-65 2024"]
[Site "Krakow"]
[Date "2024.07.04"]
[Round "3.7"]
[White "Cocozza, Mario"]
[Black "Maryasin, Boris"]
[Result "0-1"]
[ECO "B31"]
[WhiteElo "2206"]
[BlackElo "2209"]
[Annotator "RC"]
[PlyCount "84"]
[EventDate "2024.07.01"]
[EventType "team-tourn"]
[EventCountry "POL"]
[SourceTitle "playchess.com"]
[Source "ChessBase"]
[SourceQuality "1"]
[TimeControl "40/5400+30:1800+30"]

1. e4 c5 2. Nf3 Nc6 3. Bb5 g6 4. Bxc6 dxc6 5. d3 Bg7 6. h3 Qc7 7. O-O e5 8. Be3 b6 9. Nc3 Ne7 10. Qd2 h6 11. Nh2 g5 12. a3 Be6 13. b4 c4 14. dxc4 Bxc4 15. Rfd1 Rd8 16. Qxd8+ Qxd8 17. Rxd8+ Kxd8 18. a4 Kc7 19. a5 Nc8 20. axb6+ axb6 21. Nf3 Rd8 22. Nd2 Be6 23. Na4 Bf8 24. c3 Kb7 25. Kf1 f5 26. exf5 Bxf5 27. Ke1 Bc2 28. Nc4 Bxa4 29. Rxa4 b5 30. Na5+ Kc7 31. Ra2 Rd3 32. Rc2 e4 33. Ke2 Nb6 34. f3 Nd5 35. Bd2 Nf4+ 36. Bxf4+ gxf4 37. fxe4 Re3+ 38. Kd1 Kb6 39. e5 c5 40. e6 cxb4 41. Nb3 bxc3 42. Nd4 Rd3+ 0-1

[Event "WSTCC-65 2024"]
[Site "Krakow"]
[Date "2024.07.04"]
[Round "3.7"]
[White "Hewson, Brian W R"]
[Black "Booth, Anthony"]
[Result "1-0"]
[ECO "A48"]
[WhiteElo "2042"]
[BlackElo "1742"]
[Annotator "NA RC"]
[PlyCount "101"]
[EventDate "2024.07.01"]
[EventType "team-tourn"]
[EventCountry "POL"]
[SourceTitle "playchess.com"]
[Source "ChessBase"]
[SourceQuality "1"]
[TimeControl "40/5400+30:1800+30"]

1. d4 Nf6 2. Nf3 g6 3. c4 d5 4. cxd5 Qxd5 5. Nc3 Qa5 6. e3 c6 7. Bc4 Bg7 8. Ne5 O-O 9. Qb3 e6 10. Bd2 Qc7 11. Rc1 Nd5 12. Bxd5 Bxe5 13. Bf3 Bg7 14. O-O Qd8 15. Rfd1 Nd7 16. Ne4 a5 17. Nd6 Qb6 18. Qa3 Qa6 19. Nc4 Nb6 20. Nxa5 Bd7 21. b4 Nd5 22. Qb3 Rfc8 23. a3 Bf8 24. Nc4 b5 25. Na5 Bd6 26. e4 Ne7 27. Qe3 Bc7 28. Qg5 Bd8 29. Qh6 Kh8 30. Qf8+ Ng8 31. Qxf7 Ra7 32. d5 Bf6 33. Bc3 Bxc3 34. Rxc3 exd5 35. Qf4 Re8 36. exd5 Qb6 37. dxc6 Bxc6 38. Rxc6 Qb8 39. Qd4+ Rg7 40. g3 Qe5 41. Qxe5 Rxe5 42. Rc5 Rge7 43. Nc6 Re1+ 44. Rxe1 Rxe1+ 45. Kg2 Ra1 46. Rxb5 Rxa3 47. Rb8 Kg7 48. b5 Nf6 49. b6 Kh6 50. b7 Nd7 51. Rd8 1-0

[Event "WSTCC-65 2024"]
[Site "Krakow"]
[Date "2024.07.04"]
[Round "3.7"]
[White "Kusina, Jan"]
[Black "Dekan, Hans"]
[Result "1-0"]
[ECO "D02"]
[WhiteElo "1969"]
[BlackElo "2083"]
[Annotator "RC"]
[PlyCount "119"]
[EventDate "2024.07.01"]
[EventType "team-tourn"]
[EventCountry "POL"]
[SourceTitle "playchess.com"]
[Source "ChessBase"]
[SourceQuality "1"]
[TimeControl "40/5400+30:1800+30"]

1. d4 d5 2. Nf3 Bf5 3. Bf4 c6 4. e3 e6 5. Bd3 Bg4 6. Nbd2 Bd6 7. Bg3 Nf6 8. c3 Bxg3 9. hxg3 Nbd7 10. Qc2 Bxf3 11. gxf3 c5 12. dxc5 Nxc5 13. Bb5+ Ncd7 14. g4 g6 15. g5 Nh5 16. Qa4 a6 17. Qd4 Rg8 18. Ba4 b5 19. Bc2 Qxg5 20. O-O-O Qe5 21. Qb4 Nhf6 22. Rh6 Qc7 23. Nb3 Qb6 24. Bd3 Nb8 25. Kb1 Nc6 26. Qh4 Qd8 27. Rg1 Qe7 28. e4 O-O-O 29. exd5 Rxd5 30. Be4 Nxe4 31. fxe4 Qxh4 32. Rxh4 Rd7 33. Rxh7 Rgd8 34. Nc5 Ra7 35. Kc2 Rf8 36. Rg3 Nd8 37. f4 a5 38. e5 Rc7 39. Ne4 Nb7 40. Rd3 Rd7 41. Ng5 Rxd3 42. Kxd3 Nd8 43. Kd4 b4 44. cxb4 axb4 45. Ne4 Nc6+ 46. Kc5 Ne7 47. Nf6 Kc7 48. Kxb4 Kc6 49. Kc4 Nd5 50. Nxd5 exd5+ 51. Kc3 Kd7 52. b4 Ke6 53. b5 Rc8+ 54. Kb3 d4 55. Rh3 Kd5 56. a4 Rc1 57. Kb2 Rc4 58. b6 Rb4+ 59. Rb3 d3 60. Rxb4 1-0

[Event "WSTCC-65 2024"]
[Site "Krakow"]
[Date "2024.07.04"]
[Round "3.8"]
[White "Lederman, Leon"]
[Black "Ceschia, Ivano"]
[Result "0-1"]
[ECO "B32"]
[WhiteElo "2198"]
[BlackElo "2180"]
[Annotator "RC"]
[PlyCount "136"]
[EventDate "2024.07.01"]
[EventType "team-tourn"]
[EventCountry "POL"]
[SourceTitle "playchess.com"]
[Source "ChessBase"]
[SourceQuality "1"]
[TimeControl "40/5400+30:1800+30"]

1. e4 c5 2. Nf3 Nc6 3. d4 cxd4 4. Nxd4 Qb6 5. Nb3 Nf6 6. Nc3 e6 7. a3 Be7 8. Be2 O-O 9. O-O d6 10. Be3 Qc7 11. f4 a6 12. g4 Nd7 13. g5 b5 14. Bd3 b4 15. axb4 Nxb4 16. f5 exf5 17. exf5 Nxd3 18. cxd3 Re8 19. f6 Bf8 20. fxg7 Bxg7 21. Qh5 Bb7 22. Qxf7+ Kh8 23. Bd4 Bxd4+ 24. Nxd4 Qc5 25. Qf4 Rg8 26. h4 h6 27. Rf2 hxg5 28. hxg5 Rxg5+ 29. Kf1 Rf8 30. Qh4+ Kg8 31. Rxf8+ Nxf8 32. Ne4 Bxe4 33. Qxe4 Qc8 34. Nf3 Qh3+ 35. Kf2 Rg2+ 36. Ke3 Qh6+ 37. Kd4 Ne6+ 38. Kc4 Rc2+ 39. Kb4 Rxb2+ 40. Kc3 Qf6+ 41. d4 Rf2 42. Rg1+ Kf8 43. Rg3 Qf4 44. Qxf4+ Nxf4 45. Ng1 Ke7 46. Rf3 Nd5+ 47. Kc4 Nb6+ 48. Kb4 Ra2 49. Ra3 Nd5+ 50. Kb3 Rg2 51. Nf3 Rg3 52. Kb2 Nc7 53. Re3+ Kd8 54. Rb3 Nb5 55. Kc1 Kc7 56. Kd2 Kb6 57. Ke3 a5 58. Kf4 Rh3 59. Kg4 Rh1 60. Nd2 d5 61. Kf4 a4 62. Rb2 Ka5 63. Ke5 Rh5+ 64. Ke6 Nxd4+ 65. Kd6 a3 66. Rb8 Rh2 67. Nb1 Nb5+ 68. Kxd5 a2 0-1

[Event "WSTCC-65 2024"]
[Site "Krakow"]
[Date "2024.07.04"]
[Round "3.8"]
[White "Staub, Gerhard"]
[Black "Turecki, Stanislaw"]
[Result "0-1"]
[ECO "B23"]
[WhiteElo "2089"]
[BlackElo "1873"]
[Annotator "NA RC"]
[PlyCount "54"]
[EventDate "2024.07.01"]
[EventType "team-tourn"]
[EventCountry "POL"]
[SourceTitle "playchess.com"]
[Source "ChessBase"]
[SourceQuality "1"]
[TimeControl "40/5400+30:1800+30"]

1. e4 c5 2. Nc3 d6 3. f4 Nc6 4. Nf3 g6 5. Bc4 Bg7 6. O-O e6 7. d3 Nge7 8. Qe1 a6 9. f5 gxf5 10. a4 fxe4 11. Ng5 O-O 12. Ncxe4 Nf5 13. g4 d5 14. gxf5 exf5 15. Ng3 h6 16. Nxf7 Rxf7 17. Ba2 Nb4 18. Bb3 c4 19. Qxb4 cxb3 20. c3 d4 21. Qxb3 dxc3 22. Nxf5 Bxf5 23. Rxf5 Qd4+ 24. Kh1 Raf8 25. bxc3 Qxd3 26. Rxf7 Rxf7 27. Ba3 Qf3+ 0-1

[Event "WSTCC-65 2024"]
[Site "Krakow"]
[Date "2024.07.04"]
[Round "3.9"]
[White "Roos, Daniel"]
[Black "Binham, Timothy F."]
[Result "1-0"]
[ECO "A04"]
[WhiteElo "2307"]
[BlackElo "2276"]
[Annotator "TA"]
[PlyCount "87"]
[EventDate "2024.07.01"]
[EventType "team-tourn"]
[EventCountry "POL"]
[SourceTitle "playchess.com"]
[Source "ChessBase"]
[SourceQuality "1"]
[TimeControl "40/5400+30:1800+30"]

1. Nf3 c5 2. g3 Nc6 3. d4 cxd4 4. Nxd4 g6 5. Bg2 Bg7 6. Nxc6 bxc6 7. O-O Rb8 8. Nd2 Nf6 9. c4 O-O 10. Nb3 d5 11. Bf4 {[%emt 0:13:32] The position is equal.} Rb4 12. cxd5 Nxd5 13. Bd2 {[%emt 0:01:18][%cal Og2d5] [#] Hoping for Bxd5!} Rb5 14. Qc1 Bd7 ({Better is} 14... a5 $11) 15. Rd1 $14 Qc8 16. Bh6 Bg4 17. Bxg7 Kxg7 18. Nd4 Rb6 19. b3 ({White should play} 19. a4 $16) 19... e5 20. Nf3 Re8 21. Qb2 f6 22. Rac1 {[%emt 0:01:03] [#] aiming for Rxd5.} Qe6 23. Rd2 (23. Ne1 $16) 23... Bxf3 $11 24. exf3 g5 (24... Re7 $11 {keeps the balance.}) 25. Bf1 $16 {[%emt 0:02:27] Black is now going downhill.} Qf5 26. Qa3 {[%emt 0:03:53][%cal Od2d5] Rxd5! is the strong threat.} Qd7 27. Bc4 $36 {[%emt 0:01:52][%mdl 2048] White is in control.} Qe7 28. Qa5 Rd8 29. Rcd1 h5 30. Bxd5 cxd5 31. Rxd5 Rxd5 32. Qxd5 $18 {[%emt 0:00:36][%mdl 4096] Endgame. KQR-KQR} h4 (32... Rb4 $16 33. Kg2 Rb7) 33. gxh4 gxh4 34. Qd7 Rb7 $2 (34... Qxd7 {is a better defense.} 35. Rxd7+ Kg6) 35. Qg4+ Kf8 36. Qxh4 Qg7+ (36... Qe6 37. Rd8+ Ke7) 37. Qg4 $2 (37. Kh1) 37... f5 38. Rd8+ Kf7 39. Qxg7+ Kxg7 40. Rd6 Kf7 41. Ra6 Rd7 (41... Kg8 $142 42. Ra5 Re7) 42. h4 {[%emt 0:00:00][%cal Bh2h4,Bh4h5][%mdl 32] White is clearly winning.} Re7 43. h5 Kg7 44. Kg2 {[%emt 0:00:00] Weighted Error Value: White=0.24 (precise) /Black=0.34.  Mistake:       	White=3     	Black=6      Inaccurate:     	White=1     	Black=3      OK:         	White=17    	Black=7      Best:        	White=2     	Black=2} 1-0

[Event "WSTCC-65 2024"]
[Site "Krakow"]
[Date "2024.07.04"]
[Round "3.9"]
[White "Meulders, Richard"]
[Black "Varley, Peter"]
[Result "1/2-1/2"]
[ECO "A06"]
[WhiteElo "2154"]
[BlackElo "2140"]
[Annotator "RC"]
[PlyCount "77"]
[EventDate "2024.07.01"]
[EventType "team-tourn"]
[EventCountry "POL"]
[SourceTitle "playchess.com"]
[Source "ChessBase"]
[SourceQuality "1"]
[TimeControl "40/5400+30:1800+30"]

1. Nf3 d5 2. b3 Bg4 3. Bb2 Nd7 4. g3 Bxf3 5. exf3 Ngf6 6. f4 e6 7. Bg2 Bd6 8. O-O O-O 9. a4 a5 10. Ba3 Qe7 11. Bxd6 Qxd6 12. Nc3 c6 13. d4 Rfc8 14. Qd3 g6 15. Rfc1 Nh5 16. Bf3 Ng7 17. Rd1 f5 18. Ne2 Nf6 19. c4 Re8 20. c5 Qc7 21. Rdc1 Ra7 22. Nc3 Ne4 23. Bd1 Nxc3 24. Qxc3 Re7 25. Kg2 Ne8 26. Rab1 Nf6 27. f3 h5 28. h4 Kf7 29. b4 axb4 30. Qxb4 Qa5 31. Qxa5 Rxa5 32. Rb4 Rc7 33. Rcb1 Ra7 34. Kf2 Ke8 35. Ke3 Kd8 36. Bc2 Kc8 37. Kd2 Rh7 38. Re1 Re7 39. Bd3 1/2-1/2

[Event "WSTCC-65 2024"]
[Site "Krakow"]
[Date "2024.07.04"]
[Round "3.9"]
[White "Rewitz, Jan"]
[Black "Kennedy, Shernaz"]
[Result "1-0"]
[ECO "A34"]
[WhiteElo "2089"]
[BlackElo "1784"]
[Annotator "NA RC"]
[PlyCount "117"]
[EventDate "2024.07.01"]
[EventType "team-tourn"]
[EventCountry "POL"]
[SourceTitle "playchess.com"]
[Source "ChessBase"]
[SourceQuality "1"]
[TimeControl "40/5400+30:1800+30"]

1. c4 c5 2. Nc3 b6 3. g3 Bb7 4. e4 Nf6 5. Bg2 d6 6. Nge2 e6 7. O-O Be7 8. e5 Bxg2 9. exf6 Bxf1 10. fxe7 Qxe7 11. Kxf1 O-O 12. d4 cxd4 13. Nxd4 Qc7 14. b3 a6 15. Bb2 Nd7 16. Qe2 Rae8 17. Re1 Qb7 18. Qf3 Qxf3 19. Nxf3 Nc5 20. Rd1 Rd8 21. h4 h6 22. Nd4 Rfe8 23. Nc2 f5 24. h5 Kf7 25. b4 Nb7 26. Ne3 g6 27. hxg6+ Kxg6 28. Na4 b5 29. cxb5 axb5 30. Nc3 Ra8 31. a3 d5 32. Nxb5 Rac8 33. Be5 h5 34. a4 Red8 35. a5 Rd7 36. a6 Nd8 37. Nd6 Rc6 38. b5 Rb6 39. Ra1 Nf7 40. Nxf7 Rxf7 41. a7 Rxa7 42. Rxa7 Rxb5 43. Ng2 d4 44. Nh4+ Kg5 45. Rg7+ Kh6 46. Rg6+ Kh7 47. Rxe6 d3 48. Bf4 Rd5 49. Rd6 Rxd6 50. Bxd6 Kg7 51. Ke1 Kf6 52. Kd2 Kg5 53. Kxd3 Kg4 54. Ke3 f4+ 55. Bxf4 Kh3 56. Kf3 Kh2 57. g4+ Kh3 58. gxh5 Kxh4 59. h6 1-0

[Event "WSTCC-65 2024"]
[Site "Krakow"]
[Date "2024.07.04"]
[Round "3.10"]
[White "Westerinen, Heikki M.J."]
[Black "Legky, Nikolay A"]
[Result "1/2-1/2"]
[ECO "C05"]
[WhiteElo "2221"]
[BlackElo "2339"]
[Annotator "TA"]
[PlyCount "78"]
[EventDate "2024.07.01"]
[EventType "team-tourn"]
[EventCountry "POL"]
[SourceTitle "playchess.com"]
[Source "ChessBase"]
[SourceQuality "1"]
[TimeControl "40/5400+30:1800+30"]

1. e4 e6 2. d4 d5 3. Nd2 Nf6 4. e5 Nfd7 5. f4 c5 6. c3 Nc6 7. Ngf3 a5 8. Be2 a4 9. O-O Qb6 10. dxc5 {[%emt 0:00:37] White is slightly better.} Nxc5 11. Kh1 Be7 12. Nd4 Bd7 13. a3 O-O 14. N2f3 Ne4 15. Bd3 f5 16. Qe2 Na5 17. Be3 {[%emt 0:01:11][%cal Od4f5] Threatens to win with Nxf5!} Qc7 (17... Nc5 $11) 18. Rg1 g6 19. g4 Kh8 20. Rg2 Nc4 21. Rag1 Rg8 22. gxf5 gxf5 23. Bc1 b5 (23... Nc5 $1 $14) 24. h4 $16 Raf8 25. Ng5 Bxg5 26. hxg5 Rg6 27. Rh2 Be8 28. Qe1 Qd7 29. Rgg2 Rg7 30. Rh3 Bg6 31. Rgh2 Kg8 32. Rh6 Kf7 33. Be2 Ke7 34. Kg2 Rfg8 35. Bf3 (35. Qh1 $16) 35... Qb7 ({Better is} 35... Kd8 $1 $14) 36. Kf1 {[%emt 0:00:28] Some like it hot} (36. Qh1 $142 {[%cal Rh6h7] Rxh7 would now be deadly.} Qd7 37. Bh5) 36... Qa6 37. Kg1 ({Don't do} 37. Bxe4 dxe4 38. Kf2 Qb7 $14) 37... Qb7 38. Kf1 Qa6 $1 39. Kg1 ({Resist} 39. Bxe4 dxe4 40. Kf2 Kf7 $14) 39... Qb7 $1 {[%emt 0:00:03] Weighted Error Value: White=0.22 (precise) /Black=0.13 (very precise) .  Mistake:       	White=2     	Black=3      Inaccurate:     	White=2     	Black=2      OK:         	White=10    	Black=9      Best:        	White=1     	---        Strong:       	---       	Black=2} 1/2-1/2

[Event "WSTCC-65 2024"]
[Site "Krakow"]
[Date "2024.07.04"]
[Round "3.10"]
[White "Fletcher, John"]
[Black "Rooze, Jan"]
[Result "0-1"]
[ECO "D01"]
[WhiteElo "2007"]
[BlackElo "2222"]
[Annotator "TA"]
[PlyCount "40"]
[EventDate "2024.07.01"]
[EventType "team-tourn"]
[EventCountry "POL"]
[SourceTitle "playchess.com"]
[Source "ChessBase"]
[SourceQuality "1"]
[TimeControl "40/5400+30:1800+30"]

1. d4 Nf6 2. Nc3 d5 3. Bg5 Nbd7 4. Qd3 c5 5. O-O-O c4 6. Qf3 Qa5 {[%emt 0:04:38] And now ...e6 would win.} 7. Kb1 e6 {[%emt 0:01:00] ...b5 is the strong threat.} 8. a3 $2 {[%emt 0:16:44] [#]} (8. Bd2 $1 $15) 8... Ne4 $1 9. Nxe4 dxe4 10. Qg3 {[%emt 0:01:11] [#]} c3 $1 11. Bc1 (11. Nh3 cxb2) 11... cxb2 12. Bxb2 Nf6 13. Nh3 Bd7 14. c4 Rc8 {[%emt 0:02:27] White is weak on the light squares} (14... Be7 $19 {White must now prevent ...0-0.} 15. d5 O-O (15... exd5 16. cxd5 Nxd5 17. Qxg7 $17)) 15. e3 $2 (15. Rc1 $17) 15... Bxa3 $19 16. Qxg7 {[%emt 0:06:42] [#]} Bxb2 $1 {[%emt 0:00:18] Black mates.} 17. Qxh8+ Ke7 18. Qxc8 Qa1+ 19. Kc2 Ba4+ 20. Kd2 Qxd1# {Weighted Error Value: White=1.06/Black=0.12 (very precise) .  Loses game:     	White=2     	---        Mistake:       	---       	Black=1      Inaccurate:     	White=1     	Black=1      OK:         	White=4     	Black=5      Best:        	---       	Black=1} 0-1

[Event "WSTCC-65 2024"]
[Site "Krakow"]
[Date "2024.07.04"]
[Round "3.10"]
[White "O`Neill, Julie Anne"]
[Black "Mortensen, John"]
[Result "0-1"]
[ECO "B23"]
[WhiteElo "1806"]
[BlackElo "2048"]
[Annotator "NA RC"]
[PlyCount "114"]
[EventDate "2024.07.01"]
[EventType "team-tourn"]
[EventCountry "POL"]
[SourceTitle "playchess.com"]
[Source "ChessBase"]
[SourceQuality "1"]
[TimeControl "40/5400+30:1800+30"]

1. e4 c5 2. Nc3 Nc6 3. f4 g6 4. Nf3 Bg7 5. Bc4 e6 6. d3 Nge7 7. O-O d5 8. Bb3 O-O 9. Qe1 Nd4 10. Ne2 Nxe2+ 11. Qxe2 b5 12. c3 Bb7 13. Bc2 Qb6 14. Kh1 Rad8 15. Ne5 d4 16. c4 f6 17. Nf3 a6 18. b3 Bc6 19. Qf2 Qb7 20. Qh4 Qd7 21. Bd2 Rb8 22. Rae1 Qb7 23. Bd1 bxc4 24. bxc4 a5 25. Qh3 Qd7 26. e5 f5 27. Bxa5 Rb2 28. Bb3 Qa7 29. Qh4 Re8 30. Ng5 h6 31. Bd2 Rxd2 32. Nf3 Rxd3 33. Re2 Qb7 34. Ne1 Rc3 35. Kg1 Be4 36. Qf2 Nc6 37. h4 d3 38. Rd2 Nd4 39. Nf3 Ne2+ 40. Kh2 Qe7 41. g3 Qb7 42. Bd1 Bxf3 43. Qxf3 Qxf3 44. Rxf3 Nc1 45. Ba4 Ra8 46. Bd7 Kf7 47. a4 Rd8 48. Bb5 Nb3 49. Rd1 Rc2+ 50. Kh3 d2 51. Rff1 Rd3 52. Bc6 Na5 53. Bb5 Rd4 54. Rb1 Bf8 55. Ba6 Nxc4 56. Rb7+ Be7 57. Bxc4 Rcxc4 0-1

[Event "WSTCC-65 2024"]
[Site "Krakow"]
[Date "2024.07.04"]
[Round "3.11"]
[White "Roos, Louis"]
[Black "Hentunen, Asko"]
[Result "1-0"]
[ECO "A37"]
[WhiteElo "2288"]
[BlackElo "2207"]
[Annotator "TA"]
[PlyCount "81"]
[EventDate "2024.07.01"]
[EventType "team-tourn"]
[EventCountry "POL"]
[SourceTitle "playchess.com"]
[Source "ChessBase"]
[SourceQuality "1"]
[TimeControl "40/5400+30:1800+30"]

1. Nf3 c5 2. g3 g6 3. Bg2 Bg7 4. c4 Nc6 5. Nc3 a6 6. O-O Rb8 7. a4 (7. e3 $14) 7... Nh6 (7... d6 $11) 8. e4 (8. d4 $14) 8... O-O 9. d3 d6 {[%emt 0:02:15] The position is equal.} 10. h3 f5 11. Ng5 Nd4 12. a5 e6 13. Ne2 Nc6 14. Bd2 Bd7 15. Ra2 Qe7 16. f4 Nf7 17. Nxf7 Rxf7 18. Bc3 e5 19. Kh2 (19. exf5 $11 Bxf5 20. Ra3) 19... Nd4 (19... fxe4 $17 20. dxe4 Rbf8) 20. Bxd4 cxd4 21. b4 Bc6 {[%emt 0:01:39] [#]} (21... fxe4 $1 $17 22. Bxe4 Bc6) 22. b5 $1 $14 axb5 23. cxb5 Bxb5 24. exf5 Bc6 $1 25. fxg6 hxg6 26. Qb3 $36 {[%emt 0:00:35][%mdl 2048] Prevents Qe6. Strongly threatening Bxc6. White is pushing.} Bxg2 27. Kxg2 {[%emt 0:00:11] Black must now prevent fxe5.} Ra8 28. fxe5 dxe5 29. Ng1 {[%emt 0:00:24] aiming for Raf2.} Raf8 30. Raf2 {[%emt 0:00:27] Threatens to win with Rxf7.} Bh6 {[%emt 0:02:59] [#]} (30... e4 $14) 31. Qd5 ({Better is} 31. Rxf7 $1 $16 Rxf7 32. Nf3) 31... Be3 {[%emt 0:01:38] [#]} ({Black should play} 31... Qd7 $14 32. Qxd7 (32. Qxe5 Rxf2+ 33. Rxf2 Qc6+ 34. Rf3 Be3 $17) 32... Rxd7) 32. Rxf7 $1 $16 Rxf7 33. Nf3 Kg7 34. Qxe5+ (34. h4 $18) 34... Qxe5 35. Nxe5 $18 {[%emt 0:00:01][%mdl 4096] Endgame. KRB-KRN} Rc7 {[%emt 0:00:08] A mistake that costs the game.} (35... Rxf1 $16 36. Kxf1 Bd2) 36. Nc4 Bg5 37. Rb1 Rd7 {[%emt 0:03:11] Against Nd6} 38. Kf3 Bd8 39. Ke4 Bf6 (39... Kf6 $142 40. Rb5 Rf7 41. Kxd4 Rh7) 40. Rb6 Bd8 {[%emt 0:01:20] [#]} 41. Rxg6+ $3 {[%emt 0:30:43][%mdl 512] Weighted Error Value: White=0.20 (precise) /Black=0.35.  Loses game:     	---       	Black=1      Mistake:       	White=4     	Black=5      Inaccurate:     	White=2     	Black=4      OK:         	White=13    	Black=4      Best:        	White=1     	Black=1      Strong:       	---       	Black=1} 1-0